[Event "*** SCC Grand Prix: Titled Tuesday Blitz"]
[Site "Chess.com"]
[Date "2020.07.07"]
[Round "4"]
[White "grunbergmihai"]
[Black "francyIM"]
[Result "1/2-1/2"]
[WhiteElo "2439"]
[BlackElo "2605"]
[TimeControl "180+1"]
[EndTime "10:40:22 PDT"]
[Termination "Game drawn - insufficient material"]

1. Nf3 Nf6 2. c4 e6 3. g3 d5 4.
Bg2 Be7 5. O-O O-O 6. d4 dxc4 7. Qc2 a6 8. a4 Bd7 9. Qxc4 Bc6 10. Bg5 Bd5 11.
Qc2 Be4 12. Qb3 Nc6 13. e3 Na5 14. Qd1 c5 15. dxc5 Qxd1 16. Rxd1 Bxc5 17. Bxf6 gxf6 18. Nc3 Bc6 19. Nd4 Bxg2 20. Kxg2 Bxd4 21. exd4 Rfd8 22. d5 f5 23. dxe6 fxe6 24. Rxd8+ Rxd8 25. Rd1 Rxd1 26. Nxd1 Kf7 27. Kf3 e5 28. Ke3 Ke6 29. f4 e4 30. Kd4 Nb3+ 31. Kc3 Nc5 32. a5 Nd3 33. Ne3 Ne1 34. Kc4 Nf3 35. h3 h5 36.
Kc5 Ng1 37. Kb6 Nxh3 38. Kxb7 Nxf4 39. Kxa6 Nd3 40. Kb5 f4 41. gxf4 h4 42. a6 h3 43.
a7 h2 44. f5+ Kf7 45. a8=Q h1=Q 46. Qb7+ Kf6 47. Qc6+ Kg5 48. Qg6+ Kf4 49. Nd5+ Ke5 50.
Qe6+ Kd4 51. Nc3 Nxb2 52. Qxe4+ Qxe4 53. Nxe4 Ke5 54. f6 Ke6 55. Kc5 Nd3+ 56. Kd4 Nf2 57. Nxf2 Kxf6 1/2-1/2

[Event "*** SCC Grand Prix: Titled Tuesday Blitz"]
[Site "Chess.com"]
[Date "2020.07.07"]
[Round "4"]
[White "GGfrances"]
[Black "Parhamov"]
[Result "1/2-1/2"]
[WhiteElo "2345"]
[BlackElo "3025"]
[TimeControl "180+1"]
[EndTime "10:40:23 PDT"]
[Termination "Game drawn by repetition"]

1. e4 c5 2. Nf3 Nc6 3. d4 cxd4 4. Nxd4 e5 5. Nb5 d6 6. Bg5 Qxg5 7. Nc7+ Kd8 8. Nxa8 Be6 9. Nc3 Kc8 10. Nb5 Nf6 11. Nac7 Nxe4 12. Nxe6 fxe6 13. g3 a6 14. Bg2 axb5 15. Bxe4 d5 16. Bg2 Bc5 17. O-O h5 18. a4 b4 19. Bh3 Kb8 20. Bxe6 Nd4 21. Bxd5 h4 22. Kh1 hxg3 23. fxg3 Nf5 24. Rxf5 Qxf5 25.
Bg2 e4 26. Qe2 e3 27. a5 Ka7 28. Qb5 Qc8 29. a6 b6 30. Qd3 Qe6 31. Rf1 Qe7 32. Rd1 e2 33. Re1 Rd8 34. Qf3 g5 35. Rxe2 Rd1+ 36. Bf1 Qd7 37. Re5 g4 38. Qg2 Rd2 39.
Re2 Rd1 40. Re4 b3 41. cxb3 Rd2 42. Re2 Rd1 43. Re4 Rd2 44. Re2 Rd1 45. Re4 1/2-1/2

[Event "*** SCC Grand Prix: Titled Tuesday Blitz"]
[Site "Chess.com"]
[Date "2020.07.07"]
[Round "4"]
[White "elohunter1999"]
[Black "GAusal"]
[Result "0-1"]
[WhiteElo "2439"]
[BlackElo "2077"]
[TimeControl "180+1"]
[EndTime "10:40:23 PDT"]
[Termination "GAusal won by resignation"]

1. e4 e5 2. Nf3 Nc6 3. Bb5 a6 4. Ba4 b5 5. Bb3 d6 6. c3 f5 7. O-O fxe4 8. Bd5 Bd7 9. Bxe4 Nf6 10. Bc2 Be7 11. d4 exd4 12. cxd4 O-O 13. Nc3 Bg4 14. Be3 d5 15. h3 Bh5 16. Bd3 Qd7 17. Be2 Bd6 18.
Rc1 Rae8 19. Nxb5 Bxf3 20. Nxd6 Bxe2 21. Qxe2 Qxd6 22. Qxa6 Nxd4 23. Qxd6 Ne2+ 24. Kh2 cxd6 25. Rcd1 d4 26. Bxd4 Nxd4 27. Rxd4 d5 28. Rfd1 Re2 29. R1d2 Rfe8 30. f3 Rxd2 31. Rxd2 Rd8 32. Rd4 Kf7 33. Kg3 Ke6 34. Kf4 Kd6 35. Ke3 Kc5 36. b4+ Kd6 37. g4 Ra8 38. Rd2 Ra3+ 39. Kf4 Nd7 40. h4 Nb6 41. h5 h6 42. g5 Ke6 43. Re2+ Kd6 44. gxh6 gxh6 45. Rg2 d4 46. Rg6+ Kc7 47. Rxh6 d3 48. Rh7+ Kc6 49. Rh6+ Kb5 50. Rd6 Nc4 51. Rd8 d2 52. h6 Ra7 53. Rd4 Kxb4 54. a3+ Kc3 55.
Rd8 Rh7 56. Kg5 Rf7 57. f4 Nxa3 58. Rxd2 Kxd2 59. f5 Nc4 60. Kg6 Ne5+ 61. Kg5 Ke3 62. f6 Ke4 63. Kh5 Kf5 64. Kh4 Kxf6 0-1

[Event "*** SCC Grand Prix: Titled Tuesday Blitz"]
[Site "Chess.com"]
[Date "2020.07.07"]
[Round "4"]
[White "Paladin61"]
[Black "Oligan22"]
[Result "1-0"]
[WhiteElo "2641"]
[BlackElo "2470"]
[TimeControl "180+1"]
[EndTime "10:40:24 PDT"]
[Termination "Paladin61 won by resignation"]

1. b3 e5 2. Bb2 Nc6 3. e3 Nf6 4. Bb5 Bd6 5. Na3 a6 6. Be2 Be7 7. Nc4 e4 8. d4 d5 9. Ne5 Bb4+ 10. Kf1 Bd6 11. c4 O-O 12. g4 Be6 13. h4 Nd7 14.
cxd5 Bxd5 15. Nc4 Qe7 16. Nh3 Qxh4 17. Kg2 Qe7 18. Nxd6 Qxd6 19. Nf4 f6 20. Nxd5 f5 21.
g5 Qg6 22. Rh5 f4 23. Nxf4 Rxf4 24. exf4 Rf8 25. Rh4 Ne7 26. Bh5 Qe6 27. Bg4 Qd6 28.
Bxd7 Qxd7 29. Qh5 h6 30. gxh6 g6 31. Qg4 Qd5 32. h7+ Kh8 33. Rc1 Nf5 34. Rh3 b6 35.
Rxc7 e3+ 36. Qf3 Qd6 37. Rc1 1-0

[Event "*** SCC Grand Prix: Titled Tuesday Blitz"]
[Site "Chess.com"]
[Date "2020.07.07"]
[Round "4"]
[White "dey2580"]
[Black "MFBerna"]
[Result "1-0"]
[WhiteElo "2578"]
[BlackElo "2384"]
[TimeControl "180+1"]
[EndTime "10:40:24 PDT"]
[Termination "dey2580 won on time"]

1. d4 Nf6 2. Nf3 e6 3. e3 d5 4. Bd3 c5 5. b3 Be7 6. Bb2 O-O 7. O-O Nc6 8. a3 b6 9. Nbd2 Bb7 10. Ne5 Nxe5 11.
dxe5 Nd7 12. f4 f6 13. Qh5 f5 14. g4 Qe8 15. Qxe8 Raxe8 16. gxf5 exf5 17. c4 Rd8 18. Rad1 Nb8 19. Nf3 dxc4 20. Bxc4+ Kh8 21. Kf2 a6 22. e6 b5 23. Be2 Nc6 24. Rg1 Bf6 25.
Bxf6 gxf6 26. Rc1 Rd5 27. Nh4 Ne7 28. Bf3 Rd2+ 29. Ke1 Rxh2 30. Bxb7 Rxh4 31. Rxc5 Rh3 32. Kf2 Ng6 33. Rxf5 Rh2+ 34. Rg2 Rxg2+ 35. Bxg2 Nh4 36. Rc5 Re8 37. Rc6 f5 38. Rxa6 Kg7 39. Bd5 Kf6 40. Rb6 Ng6 41. Rxb5 Ne7 42. Bc4 h5 43. Kg3 Rg8+ 44.
Kh3 Rg7 45. a4 Ng6 46. a5 1-0

[Event "*** SCC Grand Prix: Titled Tuesday Blitz"]
[Site "Chess.com"]
[Date "2020.07.07"]
[Round "4"]
[White "chesslh19"]
[Black "RoelandPruijssers"]
[Result "1-0"]
[WhiteElo "2138"]
[BlackElo "2608"]
[TimeControl "180+1"]
[EndTime "10:40:24 PDT"]
[Termination "chesslh19 won on time"]

1. e4 d5 2. exd5 Qxd5 3. Nc3 Qa5 4. d4 Nf6 5. Nf3 Bf5 6. Bd3 e6 7. Bxf5 Qxf5 8. O-O Nc6 9. Be3 O-O-O 10. Qe2 Rg8 11. Qb5 Nd5 12. Nxd5 exd5 13. c4 g5 14. Rfd1 g4 15. Ne5 a6 16. Qb3 dxc4 17. Qxc4 Nxe5 18.
dxe5 Be7 19. Qf4 Qxf4 20. Bxf4 Rxd1+ 21. Rxd1 Rd8 22. Rxd8+ Kxd8 23. Kf1 Kd7 24. Ke2 Ke6 25. Kd3 b5 26. Ke4 c5 27. Bd2 c4 28. f4 gxf3 29. gxf3 f5+ 30. exf6 Bxf6 31. Bc3 Be7 32. a3 Bd8 33. f4 a5 34. f5+ Kf7 35. Kd5 h5 36. Kc6 b4 37. axb4 axb4 38. Bxb4 Kf6 39. Kd5 Bc7 40. h3 Kxf5 41. Kxc4 Kf4 42. Be1 Kf3 43. Kd5 1-0

[Event "*** SCC Grand Prix: Titled Tuesday Blitz"]
[Site "Chess.com"]
[Date "2020.07.07"]
[Round "4"]
[White "iaraldinho"]
[Black "StephenDedalus83"]
[Result "1/2-1/2"]
[WhiteElo "2547"]
[BlackElo "2801"]
[TimeControl "180+1"]
[EndTime "10:40:25 PDT"]
[Termination "Game drawn by agreement"]

1. e4 c5 2. Nf3 Nc6 3. d4 cxd4 4.
Nxd4 Qc7 5. Nc3 e6 6. Be2 a6 7. O-O Nf6 8. Be3 Be7 9. Na4 O-O 10. Nxc6 bxc6 11. Nb6 Rb8 12. Nxc8 Qxc8 13. e5 Nd5 14.
Bd4 c5 15. c4 cxd4 16. cxd5 Qc5 17. dxe6 dxe6 18. Bxa6 Rxb2 19. a4 Qxe5 20. Bd3 Bb4 21. Qc1 Bc3 22. Rb1 Rfb8 23. Rxb2 Rxb2 24. g3 h5 25. h4 g6 26. Qd1 Kg7 27. Qf3 Ra2 28.
Bb5 Qf5 29. Qxf5 gxf5 30. Kg2 e5 31. Bd7 Kf6 32. Rb1 d3 33. Rb6+ Ke7 34. Bxf5 d2 35.
Rb1 Rxa4 36. Kf3 Ra2 37. Rd1 Kf6 38. Bd3 Ra4 39. Ke3 Rd4 40. Be2 Kg6 41. Rb1 Rd6 42. Bd1 f5 43. Rb8 Ba5 44. Rg8+ Kh7 45. Rg5 Bb6+ 46. Ke2 f4 47. Rxe5 fxg3 48. fxg3 Kh6 49.
Rb5 Bc7 50. Ke3 Re6+ 51. Kxd2 Bxg3 52. Rxh5+ Kg7 53. Bc2 Bf4+ 54. Kd1 Rh6 55. Rxh6 1/2-1/2

[Event "*** SCC Grand Prix: Titled Tuesday Blitz"]
[Site "Chess.com"]
[Date "2020.07.07"]
[Round "4"]
[White "stefan_95"]
[Black "xberli"]
[Result "1-0"]
[WhiteElo "2588"]
[BlackElo "2300"]
[TimeControl "180+1"]
[EndTime "10:40:25 PDT"]
[Termination "stefan_95 won on time"]

1. d4 Nf6 2. Nf3 g6 3. Bf4 Bg7 4. e3 O-O 5. Be2 d6 6. O-O Nc6 7. h3 e5 8. dxe5 Ne4 9. Nbd2 dxe5 10. Bh2 Nxd2 11. Qxd2 Qe7 12. e4 Be6 13. c3 Rfd8 14.
Qc2 a5 15. Rfd1 Qc5 16. Ng5 Nd4 17.
Nxe6 Nxc2 18. Nxc5 Nxa1 19. Rxa1 Rd2 20. Bc4 Rxb2 21. Rd1 Bf8 22. Nd7 Bd6 23. Bxe5 b5 24. Bd5 Rd8 25. Nf6+ Kf8 26. Bxd6+ Rxd6 27. e5 Rd8 28.
Rd4 b4 29. cxb4 axb4 30. Rf4 Kg7 31. Bb3 c5 32. Ne4 Rd7 33. Nxc5 Re7 34. Nd3 Rd2 35.
Nxb4 Rxe5 36. Rxf7+ Kh6 37. Nc6 Re1+ 38. Kh2 Ree2 39. Kg3 Rd3+ 40. f3 Rdd2 41. Kf4 Rxg2 42. Ne5 g5+ 43. Kf5 1-0

[Event "*** SCC Grand Prix: Titled Tuesday Blitz"]
[Site "Chess.com"]
[Date "2020.07.07"]
[Round "4"]
[White "ichangedmyname_yup"]
[Black "natelleka"]
[Result "1-0"]
[WhiteElo "2388"]
[BlackElo "2109"]
[TimeControl "180+1"]
[EndTime "10:40:27 PDT"]
[Termination "ichangedmyname_yup won by resignation"]

1. e4 e5 2. Nf3 Nf6 3. Nxe5 Nxe4 4. Qe2 Qe7 5. Qxe4 d6 6. d4 dxe5 7. dxe5 Nc6 8. Bb5 Bd7 9. O-O O-O-O 10. Re1 Nxe5 11. Bxd7+ Rxd7 12. Bf4 Ng6 13. Qxe7 Bxe7 14. Be3 Bf6 15. Nc3 Rhd8 16. Rab1 Ne5 17. Ne4 Be7 18.
h3 Nc4 19. Bf4 h6 20. b3 Na3 21. Rbc1 Nb5 22. c3 g5 23. Be5 Rd5 24. Bf6 Bxf6 25. Nxf6 Rd3 26. Ne4 f5 27. a4 fxe4 28. axb5 Re8 29.
Re3 Rxe3 30. fxe3 Kd7 31. c4 Kd6 32. Rd1+ Kc5 33. Rd7 Kb6 34. Kf2 c6 35. bxc6 Kxc6 36. Rh7 Re6 37. Kg3 a6 38. Kg4 b5 39. Kf5 Rd6 40. Kxe4 bxc4 41. bxc4 Kc5 42. Rc7+ Kb4 43. c5 Rd2 44. c6 a5 45. Rb7+ Ka3 46. c7 Rc2 47. Kd3 Rc1 48. e4 a4 49. e5 Ka2 50. e6 Rd1+ 51. Kc2 Re1 52. c8=Q Re2+ 53. Kd3 1-0

[Event "*** SCC Grand Prix: Titled Tuesday Blitz"]
[Site "Chess.com"]
[Date "2020.07.07"]
[Round "4"]
[White "Sankalp_Gupta2003"]
[Black "zaur-mammadov"]
[Result "1-0"]
[WhiteElo "2836"]
[BlackElo "2598"]
[TimeControl "180+1"]
[EndTime "10:40:28 PDT"]
[Termination "Sankalp_Gupta2003 won on time"]

1. e4 e6 2. d4 d5 3. Nd2 Be7 4. Bd3 c5 5. dxc5 Nf6 6. Ngf3 O-O 7. O-O a5 8. e5 Nfd7 9. c4 Nxc5 10. Bc2 Nc6 11. cxd5 exd5 12. Nb3 Ne6 13. Re1 a4 14. Nbd4 Qb6 15. Nf5 Bc5 16. Re2 d4 17. a3 Rd8 18.
Qd3 Qa6 19. Nh6+ gxh6 20. Qxh7+ Kf8 21. Bd3 Qb6 22. Bxh6+ Ke8 23. Ng5 Nxg5 24. Bxg5 Be6 25. Bf5 Ne7 26. Bd3 Kd7 27. Rc1 Rac8 28. Rec2 Rc7 29.
f4 Rc6 30. Kh1 Bb3 31. Rf2 Kc7 32. Be4 Rd7 33. Bxc6 Nxc6 34. Qe4 d3 35. Rd2 Be3 36. Rcd1 Bxd2 37. Rxd2 Qa5 38. f5 Qxe5 39. Bf4 Re7 40.
f6 Re6 41. h3 1-0

[Event "*** SCC Grand Prix: Titled Tuesday Blitz"]
[Site "Chess.com"]
[Date "2020.07.07"]
[Round "4"]
[White "Volodar_Murzin"]
[Black "GoingKronos"]
[Result "1-0"]
[WhiteElo "2673"]
[BlackElo "2485"]
[TimeControl "180+1"]
[EndTime "10:40:28 PDT"]
[Termination "Volodar_Murzin won by checkmate"]

1. e4 e6 2. d4 d5 3. Nc3 Nf6 4. e5 Nfd7 5. f4 c5 6. Nf3 Nc6 7. Be3 cxd4 8. Nxd4 Bc5 9. Qd2 O-O 10. Be2 a6 11. O-O Nxd4 12. Bxd4 b5 13. Rad1 Qc7 14. Bf3 Bb7 15. Ne2 b4 16. Kh1 a5 17. Bxc5 Nxc5 18. Nd4 Ne4 19. Qe1 Qb6 20. Qh4 f6 21. Bg4 f5 22. Bf3 Rac8 23. b3 Ba6 24. Rfe1 Nc3 25. Rd2 Nxa2 26. g4 fxg4 27. Bxg4 Rxf4 28. Bxe6+ Qxe6 29. Qxf4 Qe7 30. Nf5 Qe6 31. Rg2 g6 32. Nh6+ Kg7 33.
Nf5+ Kg8 34. Nd4 Qe7 35. e6 Rf8 36. Qe5 Nc3 37. Nf5 Qf6 38. Nh6+ Kg7 39. e7 Re8 40.
Nf5+ Kf7 41. Nd6+ Kg7 42. Nxe8+ Kh6 43. Nxf6 Ne2 44. Ng4# 1-0

[Event "*** SCC Grand Prix: Titled Tuesday Blitz"]
[Site "Chess.com"]
[Date "2020.07.07"]
[Round "4"]
[White "SHIVACalypso"]
[Black "Zurability"]
[Result "0-1"]
[WhiteElo "2356"]
[BlackElo "2598"]
[TimeControl "180+1"]
[EndTime "10:40:28 PDT"]
[Termination "Zurability won on time"]

1. Nf3 d5 2. c4 d4 3. e3 c5 4.
exd4 cxd4 5. b4 a5 6. b5 g6 7. d3 Bg7 8. Be2 Nh6 9. O-O O-O 10. a4 Nf5 11. Ba3 b6 12. Nbd2 Bb7 13. Re1 Nd7 14. Bf1 Nc5 15. Nb3 Bxf3 16. gxf3 Qc7 17. Bg2 Rac8 18.
Nxc5 bxc5 19. Rb1 Be5 20. b6 Bxh2+ 21. Kh1 Qf4 22. Bh3 Qd6 23. b7 Rb8 24. Bxc5 Qxc5 25. Kxh2 Qc7+ 26. Kh1 Nh4 27. Bc8 Rbxc8 28. bxc8=Q Qxc8 29. Kh2 Qf5 30. Re4 Nxf3+ 31. Kg3 Ng5 32. Rh4 h5 33. Rb5 e5 34. Qe2 Ne6 35. Qxe5 Qxd3+ 36. Kh2 Qf3 37. Qg3 Qe2 38. Rbxh5 Kg7 39. Rh7+ Kf6 40. Rh8 Rxh8 41. Rxh8 d3 42. Qh4+ Ke5 43. Qg3+ Kd4 44. Qg4+ Qxg4 0-1

[Event "*** SCC Grand Prix: Titled Tuesday Blitz"]
[Site "Chess.com"]
[Date "2020.07.07"]
[Round "4"]
[White "comsac"]
[Black "boo786"]
[Result "1/2-1/2"]
[WhiteElo "2251"]
[BlackElo "2419"]
[TimeControl "180+1"]
[EndTime "10:40:28 PDT"]
[Termination "Game drawn by repetition"]

1. e4 c5 2. c3 d5 3. exd5 Qxd5 4. d4 Nf6 5. Nf3 Nc6 6. Be2 e6 7. O-O cxd4 8. cxd4 Be7 9. Nc3 Qd6 10. h3 O-O 11.
Be3 b6 12. a3 Bb7 13. Nb5 Qd7 14.
Ne5 Nxe5 15. dxe5 Qxd1 16. Rfxd1 Nd5 17. Bd4 Nf4 18. Bf1 Rfd8 19. Nc3 Rac8 20. Rac1 h6 21. g3 Nd5 22. Nxd5 Bxd5 23. Rxc8 Rxc8 24. Bc3 Kf8 25. Bg2 Bxg2 26. Kxg2 Ke8 27. Kf3 Rc4 28. Rd4 Rxd4 29. Bxd4 Kd7 30. Ke4 Kc6 31. a4 a5 32.
f4 g6 33. g4 Bb4 34. Be3 Bc5 35. Bd2 b5 36. axb5+ Kxb5 37. b3 Bb4 38. Bc1 Bc3 39.
Ba3 Bb4 40. Bb2 Bc5 41. Bc3 Bb4 42. Bb2 Bd2 43. Ba3 Bc3 44. f5 Bd2 45. Bf8 h5 46. fxg6 fxg6 47. gxh5 gxh5 48. Kd3 Bb4 49. Bh6 Ba3 50.
Bd2 Bb2 51. Ke4 Ba3 52. Kf4 Be7 53. Ke4 Bb4 54. Bc1 Bc3 55. Ba3 Bb4 56. Bb2 Bd2 57. Ba3 Bb4 58. Bb2 Bd2 59. Ba3 Bb4 1/2-1/2

[Event "*** SCC Grand Prix: Titled Tuesday Blitz"]
[Site "Chess.com"]
[Date "2020.07.07"]
[Round "4"]
[White "Salem-AR"]
[Black "Mazetovic"]
[Result "0-1"]
[WhiteElo "2923"]
[BlackElo "2760"]
[TimeControl "180+1"]
[EndTime "10:40:29 PDT"]
[Termination "Mazetovic won on time"]

1. d4 Nf6 2. c4 g6 3. g3 Bg7 4. Bg2 O-O 5. Nc3 d6 6. Nf3 c6 7. O-O Qa5 8. e4 e5 9. h3 Nbd7 10. Be3 Qa6 11. b3 Re8 12. d5 c5 13. Ne1 Qa5 14.
Qd2 a6 15. a4 h5 16. Nd3 h4 17. g4 Nh7 18. Rac1 Qd8 19. Kh1 g5 20. b4 cxb4 21. Nxb4 a5 22. Nd3 b6 23. Nb5 Ndf8 24. Rb1 Ng6 25. Nxd6 Qxd6 26. Rxb6 Qd8 27. c5 Ba6 28. Rfb1 Nf4 29. Ne1 Nf8 30. Rd6 Qe7 31. Rbb6 Bc8 32.
Nf3 N8g6 33. Bf1 Bf8 34. Qc2 Qa7 35. Nxg5 Bxd6 36. Rxd6 Qe7 37. Nf3 Bd7 38. Rb6 Rec8 39. c6 Be8 40. Bc5 Qf6 41. Qc3 Bxc6 42. dxc6 Rxc6 43.
Rxc6 Qxc6 44. Qe3 Rc8 45. Ba3 Qc3 46. Bb5 Qxe3 47. fxe3 Rc3 0-1

[Event "*** SCC Grand Prix: Titled Tuesday Blitz"]
[Site "Chess.com"]
[Date "2020.07.07"]
[Round "4"]
[White "EvgenyRomanov"]
[Black "Twitch_ElhamBlitz05"]
[Result "1-0"]
[WhiteElo "2633"]
[BlackElo "2804"]
[TimeControl "180+1"]
[EndTime "10:40:29 PDT"]
[Termination "EvgenyRomanov won by resignation"]

1. e4 c6 2. c4 d5 3. exd5 cxd5 4.
cxd5 Nf6 5. Qa4+ Nbd7 6. Nc3 g6 7. Bc4 Bg7 8. Nf3 O-O 9. d3 Nb6 10. Qb3 Bf5 11. Be3 Nfd7 12. O-O Rc8 13. Rfd1 Nc5 14. Qa3 Nxc4 15. dxc4 b6 16. Nd4 Bd7 17. Ncb5 a5 18.
Na7 Rc7 19. Nac6 Qe8 20. Re1 e5 21. Nb5 Rxc6 22. dxc6 Bxc6 23. Bxc5 bxc5 24. Qxc5 Qe6 25. Rad1 Bxg2 26. Kxg2 Qg4+ 27. Kf1 Qh3+ 28. Ke2 e4 29. Qe3 Qh5+ 30. Kf1 f5 31. h3 f4 32. Qxe4 Qxh3+ 33. Qg2 Qh5 34. f3 Qc5 35. b3 Rf5 36. Re8+ Bf8 37.
Nd6 Rg5 38. Ne4 Rxg2 39. Nxc5 Rh2 40. Ne6 Kf7 41. Rxf8+ Kxe6 42. Rxf4 Rxa2 43. Re4+ Kf5 44. Rd5+ Kf6 45. Re2 Ra3 46. Rb5 a4 47. bxa4 Rxa4 48.
Rc2 h5 49. Kf2 Ra3 50. c5 Kg7 51. c6 Rc3 52. Rxc3 1-0

[Event "*** SCC Grand Prix: Titled Tuesday Blitz"]
[Site "Chess.com"]
[Date "2020.07.07"]
[Round "4"]
[White "Varshi_chess"]
[Black "KingCrusher275"]
[Result "0-1"]
[WhiteElo "2251"]
[BlackElo "2438"]
[TimeControl "180+1"]
[EndTime "10:40:29 PDT"]
[Termination "KingCrusher275 won by resignation"]

1. e4 c5 2. Nc3 e6 3. Nge2 Nc6 4. d4 cxd4 5. Nxd4 Qc7 6. Be2 a6 7. O-O Nf6 8. Be3 Bb4 9. f3 Bxc3 10. bxc3 O-O 11.
Kh1 d5 12. Bg5 Nd7 13. exd5 exd5 14. Bd3 Nde5 15. Bf4 Qa5 16. Nxc6 Nxc6 17. Qe1 Qd8 18. Qg3 Qf6 19. Rae1 Be6 20. Rb1 b5 21. Rbe1 Qxc3 22.
Re5 Ne7 23. Bxh7+ Kxh7 24. Qh4+ Kg8 25. Qxe7 Qc4 26. Rfe1 Qxf4 27. Rh5 Rfe8 28. Qc5 Bf5 29. Rf1 Bg6 30. Rh3 Rad8 31. Qf2 d4 32. Rd1 d3 33. cxd3 Rxd3 34. Rxd3 Qc1+ 35. Qg1 Qxg1+ 36. Kxg1 Bxd3 37. f4 Re2 38. Rf3 Rxa2 39. f5 Bc4 40. Rc3 Ra4 41. Kf2 Ra1 42. g3 Rf1+ 43. Ke3 Rxf5 44. Kd4 Rh5 0-1

[Event "*** SCC Grand Prix: Titled Tuesday Blitz"]
[Site "Chess.com"]
[Date "2020.07.07"]
[Round "4"]
[White "theblitzchamp"]
[Black "vladislavkovalev"]
[Result "0-1"]
[WhiteElo "2741"]
[BlackElo "2937"]
[TimeControl "180+1"]
[EndTime "10:40:30 PDT"]
[Termination "vladislavkovalev won by resignation"]

1. d4 Nf6 2. Bf4 d5 3. e3 c5 4. c3 Nc6 5. Nd2 e6 6. Ngf3 cxd4 7. exd4 Nh5 8. Bg5 f6 9. Bh4 Bd6 10. Bg3 Nf4 11. Bb5 Nxg2+ 12. Kf1 Nf4 13. Rg1 O-O 14. Nh4 e5 15. Bxf4 Bh3+ 16. Ke1 exf4 17. Qh5 Qe8+ 18. Qxe8 Raxe8+ 19. Kd1 g5 20. Nhf3 h5 21. Bd3 Re7 22.
Kc2 Rg7 23. Rae1 Kf7 24. a4 Re8 25. b4 Rxe1 26. Rxe1 Ne7 27. b5 Rg8 28. c4 b6 29.
Kb3 Be6 30. Kb2 g4 31. Nh4 f3 32. h3 Bb4 33. Kc2 dxc4 34. Bf1 Rd8 35. Re4 f5 36. Re5 Rxd4 37. Nb1 Kf6 38. Re3 f4 39. Rxe6+ Kxe6 40. hxg4 hxg4 41. Nc3 Bxc3 42. Kxc3 Ke5 43. Bxc4 Nd5+ 44.
Kb3 Ne7 45. Kc3 Rd8 46. Bd3 Rh8 47. Ng6+ Nxg6 48. Bxg6 g3 49. fxg3 fxg3 50. Kd3 g2 51. Ke3 g1=Q+ 0-1

[Event "*** SCC Grand Prix: Titled Tuesday Blitz"]
[Site "Chess.com"]
[Date "2020.07.07"]
[Round "4"]
[White "Carnivoras"]
[Black "IMKarimIsmael"]
[Result "1-0"]
[WhiteElo "2600"]
[BlackElo "2402"]
[TimeControl "180+1"]
[EndTime "10:40:30 PDT"]
[Termination "Carnivoras won by resignation"]

1. d4 d5 2. Nf3 Nf6 3. Bg5 Ne4 4. Bf4 c5 5. e3 Nc6 6. c3 Bf5 7. Nbd2 e6 8. Be2 Bd6 9. Ne5 O-O 10. O-O Nxd2 11.
Qxd2 Nxe5 12. dxe5 Be7 13. Bd3 Bxd3 14. Qxd3 Qb6 15.
Rab1 Qa6 16. Qxa6 bxa6 17. c4 Rab8 18. cxd5 exd5 19. e6 Rb7 20. exf7+ Kxf7 21. Rfd1 Ke6 22. Rd2 Bf6 23. Rbd1 Rd8 24. b3 a5 25. Rc2 Be7 26.
e4 d4 27. Rc4 Rb4 28. Rdc1 Rd7 29. Bd2 Rxc4 30. Rxc4 d3 31. f3 Rd4 32. Rxd4 cxd4 33.
Bxa5 Bg5 34. Kf1 Be3 35. Ke1 h5 36. h3 h4 37. Kd1 g5 38. Bd8 Kd6 39. b4 Kc6 40. a4 a6 41. Bf6 Kb7 42. e5 Kc6 43. e6 Kd6 44. e7 Kd7 45. b5 axb5 46. axb5 d2 47. b6 Bf4 48. b7 Ke8 49. Bxg5 Bb8 50. Bxh4 Bf4 51. Bg5 Bb8 52. Kxd2 1-0

[Event "*** SCC Grand Prix: Titled Tuesday Blitz"]
[Site "Chess.com"]
[Date "2020.07.07"]
[Round "4"]
[White "GEKKESPONS"]
[Black "Al_Shima"]
[Result "1-0"]
[WhiteElo "2550"]
[BlackElo "2341"]
[TimeControl "180+1"]
[EndTime "10:40:30 PDT"]
[Termination "GEKKESPONS won by resignation"]

1. d4 e5 2. dxe5 Nc6 3. Nf3 Qe7 4. Bf4 Qb4+ 5. Bd2 Qxb2 6. Nc3 a6 7. Rb1 Qa3 8. Rb3 Qe7 9. Nd5 Qd8 10. e4 Bc5 11.
Bf4 Nge7 12. e6 d6 13. exf7+ Kxf7 14. Ng5+ Ke8 15. Be2 Nd4 16. Rg3 Nxe2 17. Qxe2 Nxd5 18. exd5+ Qe7 19. Be3 Bf5 20. O-O Kd7 21. Ne6 Bxe6 22. Bxc5 Bxd5 23. Qxe7+ Kxe7 24. Rxg7+ Bf7 25. Re1+ Kf8 26.
Bd4 Rg8 27. Rxh7 Re8 28. Rxe8+ Kxe8 29. f3 Rg5 30. h4 Rh5 31. Rxh5 Bxh5 32. g4 Bg6 33. c3 c5 34. Be3 b5 35. h5 Bf7 36.
Kf2 Bxa2 37. g5 a5 38. g6 Bb1 39. Bf4 d5 40. Bd6 b4 41. Bxc5 bxc3 42. Ke3 c2 43. Ba3 a4 44. Kd4 Ba2 45. h6 Bc4 46. h7 1-0

[Event "*** SCC Grand Prix: Titled Tuesday Blitz"]
[Site "Chess.com"]
[Date "2020.07.07"]
[Round "4"]
[White "Sjakkerntobi"]
[Black "Escanor89"]
[Result "0-1"]
[WhiteElo "2338"]
[BlackElo "2545"]
[TimeControl "180+1"]
[EndTime "10:40:30 PDT"]
[Termination "Escanor89 won by resignation"]

1. e4 c5 2. Nf3 d6 3. d4 cxd4 4. Qxd4 Nc6 5. Bb5 a6 6. Bxc6+ bxc6 7. Nc3 e5 8. Qd3 h6 9. Be3 Be6 10. Rd1 Nf6 11. O-O Be7 12. Nd2 Qc7 13. Nc4 d5 14. exd5 cxd5 15. Nb6 Rd8 16. Qxa6 O-O 17. Nb5 Qb8 18.
c3 Ne4 19. b4 Nxc3 20. Nxc3 d4 21. Ncd5 Bh4 22. Bxd4 Bxd5 23. Nxd5 Rxd5 24. Bc5 Rfd8 25. Rxd5 Rxd5 26. Qc4 Qd8 27. a4 Rd1 28. a5 Rxf1+ 29.
Qxf1 e4 30. g3 Be7 31. Bxe7 Qxe7 32. Qe1 f5 33. a6 Qc7 34. b5 Qc5 35. Qe2 Kh8 36.
Qa2 e3 37. fxe3 Qxe3+ 38. Qf2 Qc1+ 39. Kg2 Qc7 40. b6 Qc6+ 41. Kg1 Qc1+ 42. Qf1 Qc5+ 43. Qf2 Qc1+ 44. Kg2 Qc6+ 45. Kh3 f4 46. gxf4 Qe6+ 47. Kg3 Qb3+ 48. Qf3 Qxb6 49. Qb7 Qe3+ 50. Kg2 Qe2+ 51. Kg1 Qe3+ 52. Kg2 Qe2+ 53. Kg3 Qe3+ 54. Kg4 Qe2+ 55. Kf5 Qd3+ 56. Ke5 Qe3+ 57. Kd5 Qxf4 58. a7 Qf3+ 0-1

[Event "*** SCC Grand Prix: Titled Tuesday Blitz"]
[Site "Chess.com"]
[Date "2020.07.07"]
[Round "4"]
[White "RodinMihail"]
[Black "silverback96"]
[Result "1-0"]
[WhiteElo "2477"]
[BlackElo "2239"]
[TimeControl "180+1"]
[EndTime "10:40:31 PDT"]
[Termination "RodinMihail won by resignation"]

1. e4 e6 2. d4 d5 3. Nd2 Nf6 4. e5 Nfd7 5. c3 c5 6. Bd3 Nc6 7. Ne2 cxd4 8. cxd4 f6 9. exf6 Nxf6 10. O-O Bd6 11. f4 Qc7 12. Nf3 Qb6 13. Kh1 Bd7 14. a3 O-O-O 15. b4 Rdf8 16. Ne5 Be8 17. Be3 Bh5 18.
Rc1 Kb8 19. h3 Ne7 20. g4 Bg6 21. g5 Bxe5 22. fxe5 Bxd3 23. exf6 Be4+ 24. Kg1 gxf6 25. Ng3 Nf5 26. Bf4+ Ka8 27. gxf6 Rhg8 28. Kh2 Nxd4 29. Be3 Rxg3 30. Kxg3 Rg8+ 31. Kf2 Rg2+ 32. Ke1 Nc2+ 33. Rxc2 Qxe3+ 34. Re2 Qg3+ 35. Kd2 Qd3+ 36. Ke1 Qg3+ 37.
Ref2 Bd3 38. Qxd3 Qxd3 39. Rxg2 Qe4+ 40. Re2 Qb1+ 41. Kf2 Qf5+ 42. Kg1 Qg6+ 43. Rg2 Qf7 44. Rg7 Qf8 45. Kh1 d4 46. f7 Qb8 47. f8=Q 1-0

[Event "*** SCC Grand Prix: Titled Tuesday Blitz"]
[Site "Chess.com"]
[Date "2020.07.07"]
[Round "4"]
[White "DenLaz"]
[Black "ketster"]
[Result "1-0"]
[WhiteElo "2688"]
[BlackElo "2440"]
[TimeControl "180+1"]
[EndTime "10:40:32 PDT"]
[Termination "DenLaz won on time"]

1. Nf3 Nf6 2. c4 e6 3. b3 d5 4. Bb2 c5 5. g3 d4 6. Bg2 Nc6 7. O-O Be7 8. e3 e5 9. exd4 exd4 10. d3 O-O 11. Na3 Bg4 12. h3 Bh5 13. g4 Bg6 14. Nc2 a5 15. Nh4 Nd7 16. Nxg6 hxg6 17. Na3 g5 18. Nb5 Nde5 19. f4 gxf4 20. Rxf4 Ng6 21. Rf1 Bg5 22. Bc1 Rb8 23. a3 Nce5 24. Be4 b6 25. Ra2 Bxc1 26. Qxc1 Qh4 27. Kg2 Qe7 28.
Raf2 Nh4+ 29. Kg3 Neg6 30. Bxg6 Nxg6 31. Qe1 Qh4+ 32. Kg2 Rbe8 33. Re2 Qxe1 34. Rexe1 Nf4+ 35. Kg3 Rxe1 36. Rxe1 Nxd3 37. Re7 Rd8 38. Nc7 Nc1 39. Nd5 Nxb3 40. Nxb6 d3 41. Re1 d2 42. Rd1 Rd3+ 43.
Kg2 Rc3 44. Kf2 Rxh3 45. Nd5 Rc3 46. Nxc3 1-0